 Dungeon Crawl Stone Soup version 0.31-a0-198-g2ad674f65e (webtiles) character file.

Game seed: 3616238131812714683

2473 qw the Skirmisher (level 9, -3/50 HPs)
             Began as a Deep Elf Hunter on June 25, 2023.
             Was a Follower of Okawaru.
             Slain by a killer bee (4 damage)
             ... on level 7 of the Dungeon.
             The game lasted 00:02:14 (5010 turns).

qw the Skirmisher (Deep Elf Hunter)                 Turns: 5010, Time: 00:02:15

Health: -3/50      AC: 13    Str: 12    XL:     9   Next: 26%
Magic:  12/14      EV: 21    Int: 15    God:    Okawaru [*.....]
Gold:   305        SH:  0    Dex: 18    Spells: 8/8 levels left

rFire   + . .        Y - +0 orcbow
rCold   + . .        (shield currently unavailable)
rNeg    . . .        m - +0 ring mail
rPois   .            f - +1 helmet
rElec   .            a - scarf {rC+ rF+}
rCorr   .            b - +0 pair of gloves
SInv    .            (no boots)
Will    .....        (no amulet)
Stlth   +++          d - +5 ring of evasion
HPRegen 0.28/turn    i - +4 ring of protection
MPRegen 0.14/turn

%: no passive effects
@: lethally poisoned (-3 -> -14), about to teleport, heroic
A: no striking features
a: Renounce Religion, Heroism


You were on level 7 of the Dungeon.
You worshipped Okawaru.
Okawaru was aware of your devotion.
You visited 2 branches of the dungeon, and saw 8 of its levels.

You collected 305 gold pieces.


   Skills:
 - Level 3.0(8.0) Fighting
 + Level 14.6(19.6) Ranged Weapons
 - Level 1.3(6.3) Armour
 - Level 5.0(10.0) Dodging
 - Level 1.2(6.2) Stealth
 - Level 4.0 Invocations


You had 8 spell levels left.
You didn't know any spells.
Your spell library was empty.

Inventory:

Hand Weapons
 Y - a +0 orcbow (weapon)
Armour
 a - a scarf of resistance (worn)
 b - a +0 pair of gloves (worn)
 f - a +1 helmet (worn)
 m - a +0 ring mail (worn)
Jewellery
 d - a +5 ring of evasion (left hand)
 i - a +4 ring of protection (right hand)
Wands
 e - a wand of digging (6)
Scrolls
 j - a scroll of identify
Potions
 c - a potion of mutation
 h - a potion of haste
 k - a potion of enlightenment
 n - a potion of magic
 o - 3 potions of curing

Dungeon Overview and Level Annotations

Branches:
Dungeon (7/15)             Temple (1/1) D:4

Altars:
Ashenzari
Cheibriados
Dithmenos
Elyvilon
Fedhas
Gozag
Hepliaklqana
Makhleb
Nemelex Xobeh
Okawaru
Qazlal
Ru
Sif Muna
Uskayaw
Vehumet
Wu Jian
Xom
Yredelemnul
Zin
The Shining One

Annotations:
D:6 exclusion: moth of wrath


Message History

You gain the combat prowess of a mighty hero.
The killer bee closely misses you. The killer bee misses you.
The killer bee closely misses you.
The killer bee stings you but does no damage.
The killer bee completely misses you. The killer bee barely misses you.
You shoot an arrow. The arrow misses the killer bee.
The killer bee barely misses you. The killer bee misses you.
The killer bee closely misses you. The killer bee barely misses you.
The killer bee stings you! The killer bee misses you.
You shoot an arrow. The arrow hits the killer bee!
You kill the killer bee!
Okawaru accepts your kill. The killer bee misses you.
The killer bee completely misses you.
You shoot an arrow. The arrow misses the killer bee.
The arrow closely misses the killer bee.
The killer bee misses you. The killer bee completely misses you.
The killer bee closely misses you. The killer bee completely misses you.
You shoot an arrow. The arrow misses the killer bee.
The arrow hits the killer bee.
The killer bee is lightly wounded.
The killer bee completely misses you. The killer bee barely misses you. x2
The killer bee completely misses you.
You shoot an arrow. The arrow hits the killer bee!
You kill the killer bee!
Okawaru accepts your kill. The killer bee stings you.
You are poisoned.
The killer bee poisons you! The killer bee closely misses you.
You shoot an arrow. The arrow misses the killer bee. x2
You feel sick. The killer bee misses you. The killer bee stings you.
You are lethally poisoned!
The killer bee poisons you! The killer bee barely misses you.
The killer bee completely misses you.
5010 ||| READING scroll of teleportation.
As you read the scroll of teleportation, it crumbles to dust.
You feel strangely unstable.
You hear the quick creaking of a portcullis nearby.
You feel very sick. The killer bee stings you! The killer bee stings you.
You die...

##+##.....'.....##+#
#...#.....#.....#...
#+#...#'#.#####.#+#...
#.......#.+...'.#.....
###...#####...#####... #
+...'.#.......#.'...
#+#.#####.#+#...#'#.####
#.....#y....#...#.....#.
#....yy@....##+##.....+.
#.....#y....# #.....##
#+#.# ###.#+# #+#.### #
+.# #.+ ### ###


You could see 4 killer bees.

Vanquished Creatures
  Pikel (D:5)
  Menkaure (D:4)
  2 orc warriors
  A black bear (D:6)
  A sky beast (D:7)
  2 ogres
  A centaur (D:6)
  A lemure (D:5)
  A phantom (D:5)
  3 bullfrogs
  A scorpion (D:7)
  2 killer bees (D:7)
  2 hounds
  A gnoll bouda (D:5)
  A jelly (D:6)
  6 orc priests
  A sleepcap (D:5)
  Ijyb (D:4)
  Natasha (thrice) (D:4)
  An iguana (D:5)
  4 orc wizards
  8 gnolls
  11 adders
  2 shadow imps
  A white imp (D:7)
  2 ufetubi (D:6)
  2 worms (D:2)
  22 orcs
  4 endoplasms
  2 giant cockroaches (D:2)
  5 goblins
  5 hobgoblins
  4 kobolds
  3 quokkas
  4 ball pythons
  4 bats
  4 frilled lizards
  8 rats
128 creatures vanquished.

Vanquished Creatures (others)
  An orc wizard (D:6)
1 creature vanquished.

Grand Total: 129 creatures vanquished

Notes
Turn   | Place    | Note
-------+----------+-------------------------------------------
     0 | D:1      | qw the Deep Elf Hunter began the quest for the Orb.
     0 | D:1      | Reached XP level 1. HP: 12/12 MP: 3/3
     0 | D:1      | 0 ||| qw: Version: 0.3-a-22-g0ed2b0b
     0 | D:1      | 0 ||| qw: Game counter: 5239
     0 | D:1      | 0 ||| qw: Melee chars always use a shield: true
     0 | D:1      | 0 ||| qw: God list: Okawaru
     0 | D:1      | 0 ||| qw: Allow faded altars: false
     0 | D:1      | 0 ||| qw: Do Orc after clearing Dungeon:15 true
     0 | D:1      | 0 ||| qw: Do second Lair branch before Depths: true
     0 | D:1      | 0 ||| qw: Lair rune preference: random
     0 | D:1      | 0 ||| qw: Goals: Normal
     0 | D:1      | 0 ||| PLANNING D:1-11
   100 | D:1      | Found Puxun's Weapon Emporium.
   355 | D:1      | Reached XP level 2. HP: 16/16 MP: 4/4
   382 | D:1      | Reached skill level 6 in Ranged Weapons
   662 | D:1      | 662 ||| UPGRADING to +1 helmet.
   667 | D:1      | 667 ||| DROPPING ring of magical power.
   668 | D:1      | 668 ||| DROPPING +6 ring of intelligence.
   669 | D:1      | 669 ||| READING scroll labelled LEGAGO YCITIT.
   770 | D:1      | 770 ||| READING scroll labelled PYEMODIMEG.
   770 | D:1      | Identified a scroll of acquirement
   770 | D:1      | 770 ||| ACQUIRING scarf of resistance
   770 | D:1      | Acquired a scarf of resistance
   772 | D:1      | 772 ||| UPGRADING to scarf of resistance.
   777 | D:1      | 777 ||| READING scroll labelled LIOSSI KESHOD.
   778 | D:1      | 778 ||| READING 3 scrolls labelled SEPNYLAZUY.
   783 | D:1      | 783 ||| READING 2 scrolls labelled UROTUX TIYHE.
   784 | D:1      | 784 ||| READING scroll of enchant weapon.
   784 | D:1      | 784 ||| ENCHANTING +1 shortbow.
   785 | D:1      | 785 ||| READING scroll labelled NOBRUS PAXOFRY.
   786 | D:1      | 786 ||| READING scroll labelled MIEBBO CUKAO.
   787 | D:1      | 787 ||| DROPPING scroll of butterflies.
   830 | D:2      | 830 ||| STAIRDANCE
   832 | D:2      | 832 ||| STAIRDANCE
   880 | D:2      | Reached XP level 3. HP: 20/20 MP: 5/5
   939 | D:2      | Reached skill level 7 in Ranged Weapons
  1042 | D:2      | Reached XP level 4. HP: 25/25 MP: 6/6
  1205 | D:2      | 1205 ||| FLEEEEING.
  1206 | D:2      | 1206 ||| FLEEEEING.
  1209 | D:2      | 1209 ||| STAIRDANCE
  1221 | D:1      | 1221 ||| UPGRADING to +5 ring of evasion.
  1222 | D:1      | 1222 ||| UPGRADING to +4 ring of protection.
  1223 | D:1      | 1223 ||| READING 2 scrolls labelled TUSAICR RE IXYPP.
  1224 | D:1      | 1224 ||| DRINKING 2 murky silvery potions.
  1225 | D:1      | 1225 ||| DROPPING scroll of revelation.
  1252 | D:2      | Found a faded altar of an unknown god.
  1435 | D:2      | 1435 ||| READING scroll of enchant weapon.
  1435 | D:2      | 1435 ||| ENCHANTING +2 shortbow.
  1533 | D:2      | 1533 ||| READING scroll labelled DISCHI ONYUXKAN.
  1576 | D:3      | Reached skill level 8 in Ranged Weapons
  1601 | D:3      | Reached XP level 5. HP: 29/29 MP: 7/7
  1767 | D:3      | 1767 ||| Stepping ~*~*~tactically~*~*~ (outnumbered).
  2019 | D:3      | Reached skill level 9 in Ranged Weapons
  2050 | D:3      | 2050 ||| UPGRADING to +0 pair of gloves.
  2055 | D:3      | 2055 ||| UPGRADING to +0 ring mail.
  2065 | D:3      | 2065 ||| DROPPING +0 leather armour.
  2066 | D:3      | 2066 ||| READING 2 scrolls of identify.
  2066 | D:3      | 2066 ||| IDENTIFYING black potion
  2091 | D:4      | Noticed Natasha
  2096 | D:4      | Killed Natasha
  2286 | D:4      | Noticed Natasha
  2289 | D:4      | Killed Natasha
  2321 | D:4      | Noticed Natasha
  2325 | D:4      | 2325 ||| Stepping ~*~*~tactically~*~*~ (outnumbered).
  2330 | D:4      | Killed Natasha
  2331 | D:4      | Reached skill level 1 in Armour
  2331 | D:4      | Reached XP level 6. HP: 30/35 MP: 8/8
  2411 | D:4      | Noticed Ijyb
  2419 | D:4      | Killed Ijyb
  2494 | D:4      | Noticed Menkaure
  2499 | D:4      | HP: 7/35 [??? (5)]
  2500 | D:4      | 2500 ||| READING 2 scrolls of teleportation.
  2501 | D:4      | 2501 ||| DRINKING potion of heal wounds.
  2504 | D:4      | Killed Menkaure
  2542 | D:4      | Found a blossoming altar of Fedhas.
  2549 | D:4      | Reached skill level 10 in Ranged Weapons
  2632 | D:4      | Reached skill level 3 in Dodging
  2646 | D:4      | Found a staircase to the Ecumenical Temple.
  2647 | D:4      | 2647 ||| PLANNING TEMPLE
  2647 | D:4      | 2647 ||| READING scroll labelled XOBUCVEUDEF.
  2648 | D:4      | 2648 ||| READING scroll labelled URIOTA WADOTZ.
  2653 | D:4      | 2653 ||| DRINKING 2 glowing grey potions.
  2654 | D:4      | 2654 ||| DROPPING potion of invisibility.
  2664 | Temple   | Entered the Ecumenical Temple
  2743 | Temple   | 2743 ||| PLANNING OKAWARU WORSHIP
  2850 | Temple   | Became a worshipper of Warmaster Okawaru
  2851 | Temple   | 2851 ||| PLANNING D:1-11
  3021 | D:5      | Entered Level 5 of the Dungeon
  3041 | D:5      | Noticed Pikel
  3064 | D:5      | Killed Pikel
  3064 | D:5      | Reached * piety under Okawaru
  3065 | D:5      | Reached skill level 12 in Ranged Weapons
  3065 | D:5      | Reached XP level 7. HP: 30/40 MP: 9/9
  3239 | D:5      | 3239 ||| INVOKING Heroism.
  3248 | D:5      | Reached skill level 1 in Invocations
  3248 | D:5      | Reached XP level 8. HP: 45/45 MP: 7/11
  3330 | D:5      | 3330 ||| INVOKING Heroism.
  3405 | D:5      | 3405 ||| INVOKING Heroism.
  3406 | D:5      | 3406 ||| Stepping ~*~*~tactically~*~*~ (outnumbered).
  3480 | D:5      | 3480 ||| Stepping ~*~*~tactically~*~*~ (outnumbered).
  3485 | D:5      | Reached skill level 3 in Fighting
  3666 | D:5      | Reached skill level 3 in Invocations
  3738 | D:5      | 3738 ||| READING 3 scrolls of identify.
  3738 | D:5      | 3738 ||| IDENTIFYING amethyst potion
  3739 | D:5      | 3739 ||| READING 2 scrolls of identify.
  3739 | D:5      | 3739 ||| IDENTIFYING brown potion
  3740 | D:5      | 3740 ||| DROPPING potion of degeneration.
  3838 | D:6      | 3838 ||| INVOKING Heroism.
  3871 | D:6      | 3871 ||| INVOKING Heroism.
  3893 | D:6      | 3893 ||| INVOKING Heroism.
  3903 | D:6      | Reached skill level 13 in Ranged Weapons
  3983 | D:6      | 3983 ||| INVOKING Heroism.
  4100 | D:6      | 4100 ||| SWAPPING to +0 orcbow.
  4101 | D:6      | 4101 ||| DROPPING +3 shortbow.
  4244 | D:6      | Noticed a moth of wrath
  4245 | D:6      | 4245 ||| READING scroll labelled JOLIDU ASCHYA.
  4246 | D:6      | 4246 ||| READING scroll labelled WEXYPIDUIJ.
  4247 | D:6      | 4247 ||| DRINKING 2 murky ruby potions.
  4248 | D:6      | 4248 ||| READING 3 scrolls of identify.
  4248 | D:6      | 4248 ||| IDENTIFYING viscous blue potion
  4249 | D:6      | 4249 ||| READING 2 scrolls of identify.
  4249 | D:6      | 4249 ||| IDENTIFYING clear potion
  4253 | D:6      | 4253 ||| Stepping ~*~*~tactically~*~*~ (cloud).
  4488 | D:6      | 4488 ||| DRINKING 2 potions of curing.
  4488 | D:6      | 4488 ||| (to cure confusion)
  4587 | D:7      | 4587 ||| INVOKING Heroism.
  4595 | D:7      | Reached skill level 14 in Ranged Weapons
  4595 | D:7      | Reached XP level 9. HP: 50/50 MP: 11/14
  4659 | D:7      | 4659 ||| INVOKING Heroism.
  4662 | D:7      | 4662 ||| Stepping ~*~*~tactically~*~*~ (outnumbered).
  4673 | D:7      | 4673 ||| INVOKING Heroism.
  4675 | D:7      | HP: 10/50 [sky beast (5)]
  4675 | D:7      | HP: 3/50 [orc priest/+0 flail (7)]
  4676 | D:7      | 4676 ||| READING 2 scrolls of teleportation.
  4880 | D:7      | Found a broken altar of Ashenzari.
  4881 | D:7      | Found a sacrificial altar of Ru.
  4887 | D:7      | Found an opulent altar of Gozag.
  4900 | D:7      | 4900 ||| INVOKING Heroism.
  5003 | D:7      | 5003 ||| INVOKING Heroism.
  5009 | D:7      | HP: 10/50 [killer bee (6)]
  5010 | D:7      | 5010 ||| READING scroll of teleportation.
  5010 | D:7      | HP: 1/50 [killer bee (7)]
  5010 | D:7      | Slain by a killer bee

Levels and vault maps discovered:
D:1:      spicycebolla_arrival_xxxplode, layout_loops_ring, serial_shops,
          nicolae_shop_hallway_plus
D:2:      layout_rooms, dreamdust_ecumenical_altar_grove, serial_forest,
          infiniplex_forest_clump_small, infiniplex_forest_lined_4_way,
          infiniplex_forest_clump_long, infiniplex_forest_diagonal,
          infiniplex_forest_lined_2, infiniplex_forest_join,
          infiniplex_forest_clump_C, chequers_serial_rivers_micro_c,
          hangedman_decor_diamond_cutter
D:3:      layout_basic, grunt_ministairs_5, minmay_misc_feat_diagonals
D:4:      layout_basic, fedhas_altar_1, minmay_temple_entry_nine_rooms,
          st_stairs_6, minivault_25, uniq_natasha, uniq_menkaure, uniq_ijyb
D:5:      layout_loops_cross, uniq_pikel
D:6:      layout_basic, tgw_trog
D:7:      nicolae_cairo_tiling_large, layout_cave_pools,
          grunt_temple_overflow_open, enter_bailey_8
Temple:   eino_temple_scatter_basement

Skill      XL: |  1  2  3  4  5  6  7  8  9 |
---------------+----------------------------+-----
Ranged Weapons | 6 7 8 9 12 14 | 14.6
Fighting       | 2 3 |  3.0
Armour         | 1 |  1.3
Dodging        | 3 4 5 |  5.0
Invocations    | 1 4 |  4.0
Stealth        | |  1.2

Action                     |  1- 3 |  4- 6 |  7- 9 || total
---------------------------+-------+-------+-------++-------
   Fire: Shortbow          |    87 |   175 |   118 ||   380
         Orcbow            |       |       |   124 ||   124
 Invoke: Heroism           |       |       |    12 ||    12
    Use: Scroll            |     8 |     7 |     8 ||    23
         Potion            |       |     3 |     2 ||     5
 Armour: Leather armour    |    16 |    17 |       ||    33
         Ring mail         |       |    11 |    34 ||    45
  Dodge: Dodged            |    20 |    71 |   146 ||   237

Table legend:
 A = Non-vault XP
 B = Vault XP
 C = Vault XP percentage of total XP
 D = Non-vault monster count
 E = Vault monster count
 F = Vault count percentage of total count
                 A         B        C        D         E       F
            +---------+---------+-------+---------+---------+-------
      Total |    2635 |     899 |  25.4 |     121 |       7 |   5.5
            +---------+---------+-------+---------+---------+-------
        D:1 |      18 |       0 |   0.0 |      12 |       0 |   0.0
        D:2 |     118 |       0 |   0.0 |      24 |       0 |   0.0
        D:3 |     138 |      15 |   9.8 |      21 |       2 |   8.7
        D:4 |     151 |     243 |  61.7 |      10 |       4 |  28.6
        D:5 |     562 |     641 |  53.3 |      23 |       1 |   4.2
        D:6 |     757 |       0 |   0.0 |      15 |       0 |   0.0
        D:7 |     891 |       0 |   0.0 |      16 |       0 |   0.0
            +---------+---------+-------+---------+---------+-------
